 Dungeon Crawl Stone Soup version 0.29-a0-997-gf6f7e2dfe7 (webtiles) character file.

Game seed: 3260832183345216592

211 IdlyInterested the Poker (level 5, -3/61 HPs)
             Began as a Demonspawn Gladiator on Aug 4, 2022.
             Was an Initiate of Ashenzari.
             Slain by Duvessa
             ... wielding a +0 short sword
              (13 damage)
             ... on level 6 of the Dungeon.
             The game lasted 00:07:21 (2770 turns).

IdlyInterested the Poker (Demonspawn Gladiator)     Turns: 2770, Time: 00:07:22

Health: -3/61      AC: 22    Str: 16    XL:     5   Next: 57%
Magic:  6/6        EV:  2    Int: 10    God:    Ashenzari [......]
Gold:   176        SH:  0    Dex: 14    Spells: 6/6 levels left

rFire   . . .      SeeInvis .   a - +0 trident
rCold   . . .      Faith    .   (no shield)
rNeg    . . .      Spirit   .   (body armour currently unavailable)
rPois   +          Reflect  .   (helmet currently unavailable)
rElec   .          Harm     .   (cloak currently unavailable)
rCorr   .          Rampage  .   (gloves currently unavailable)
Will    .....      NoTele   +   (boots currently unavailable)
Stlth   ++........              (no amulet)
HPRegen 0.20/turn               r - +4 ring of evasion
MPRegen 0.10/turn               (no ring)

@: brilliant, tree-form, attractive
A: stationary, stasis, torment immunity, boosted hp, ignite blood 2
a: Renounce Religion


You were on level 6 of the Dungeon.
You worshipped Ashenzari.
Ashenzari was noncommittal.
You were a tree.
You visited 2 branches of the dungeon, and saw 5 of its levels.

You collected 176 gold pieces.

Inventory:

Hand Weapons
 a - a +0 trident (weapon)
 w - a +0 spear
Armour
 c - a +0 helmet (melded)
 h - a +0 chain mail (melded)
 o - a +0 pair of boots (melded)
Jewellery
 i - a ring of ice
 r - a +4 ring of evasion (left branch)
Scrolls
 b - a scroll of enchant armour {unknown}
 g - a scroll of teleportation {unknown}
 j - 2 scrolls of enchant weapon {unknown}
 m - a scroll of blinking {unknown}
 p - 2 scrolls of identify {unknown}
 q - 2 scrolls of fear {unknown}
 t - a scroll of immolation {unknown}
Potions
 l - a potion of curing
 n - a potion of brilliance
 u - a potion of resistance {unknown}
 v - a potion of flight {unknown}


   Skills:
 + Level 3.4 Fighting
 * Level 4.5 Polearms
 - Level 1.7 Throwing
 + Level 0.5 Armour
 - Level 2.6 Dodging
 - Level 1.0 Stealth
 - Level 1.0 Spellcasting
 - Level 1.0 Evocations


You had 6 spell levels left.
You didn't know any spells.
Your spell library contained the following spells:

 Spells                   Type           Power      Damage    Failure   Level
 Confusing Touch          Hex            0%         N/A       71%         3
 Yara's Violent Unravell  Hex/Tmut       0%         3d3       100%        5
 Enfeeble                 Hex            0%         N/A       100%        7


Dungeon Overview and Level Annotations

Branches:
Dungeon (6/15)             Temple (1/1) D:6

Altars:
Ashenzari
Dithmenos
Kikubaaqudgha
Makhleb
Nemelex Xobeh
Okawaru
Qazlal
Ru
Vehumet
Wu Jian
Xom
Yredelemnul

Annotations:
D:3 3 runed translucent doors, MisterPants's ghost, weakling FeSu
D:6 Duvessa


Innate Abilities, Weirdness & Mutations

You are a tree.
Your roots penetrate the ground, keeping you stationary.
You cannot be teleported.
You are immune to unholy pain and torment.
Your maximum health is greatly increased.
Your equipment is partially melded.
Your demonic aura often causes spilled blood to erupt in flames.


Message History

You closely miss Duvessa.
Duvessa is severely wounded.
Duvessa hits you with a +0 short sword! Duvessa hits you but does no damage.
You closely miss Duvessa.
Duvessa is severely wounded.
Duvessa hits you with a +0 short sword.
You hit Duvessa.
Duvessa is severely wounded.
Duvessa hits you with a +0 short sword!
* * * LOW HITPOINT WARNING * * *
Duvessa hits you with a +0 short sword.
* * * LOW HITPOINT WARNING * * *
You barely miss Duvessa.
Duvessa is severely wounded.
Duvessa hits you but does no damage.
You hit Duvessa but do no damage.
Duvessa is severely wounded.
Duvessa hits you but does no damage. x2
You hit Duvessa but do no damage. You punch Duvessa, but do no damage.
Duvessa is severely wounded.
Duvessa hits you but does no damage. x2
You hit Duvessa but do no damage.
Duvessa is severely wounded.
Duvessa hits you with a +0 short sword.
* * * LOW HITPOINT WARNING * * *
Duvessa hits you but does no damage.
You hit Duvessa but do no damage.
Duvessa is severely wounded.
Duvessa hits you but does no damage.
You barely miss Duvessa.
Duvessa is severely wounded.
Duvessa hits you but does no damage. x2
You barely miss Duvessa.
Duvessa is severely wounded.
Duvessa hits you with a +0 short sword.
* * * LOW HITPOINT WARNING * * *
You barely miss Duvessa.
Duvessa is severely wounded.
Duvessa hits you but does no damage. Duvessa hits you with a +0 short sword!
You die...

.........#
#⌠.>.⌠ #.......#
#.....
###(.....#
#..⌠.. #....##
#.....
....###..##
###.... . ##..##
##...... ###.##
###..#####
##e########..###
##♣.......###
#..####..##
##.##......#
#..........#
#..........##
####
##...........#
#...
#..........#.#
#...
#.#.......##.#
##). ######..###
## ###


You could see Duvessa (berserk).

Vanquished Creatures
  A necrophage (D:6)
  Dowan (D:6)
  A hound zombie (D:3)
  A gnoll (D:1)
  2 adders
  3 dart slugs (D:1)
  An orc (D:3)
  6 endoplasms
  3 giant cockroaches
  5 goblins
  3 hobgoblins
  4 jackals (D:2)
  3 quokkas
  6 ball pythons
  3 bats (D:2)
  3 frilled lizards
  3 kobolds
  A quokka zombie (D:3)
  4 rats
54 creatures vanquished.

Notes
Turn   | Place    | Note
-------+----------+-------------------------------------------
     0 | D:1      | IdlyInterested the Demonspawn Gladiator began the quest for
                  | the Orb.
     0 | D:1      | Reached XP level 1. HP: 16/16 MP: 1/1
   101 | D:1      | Reached skill level 3 in Polearms
   101 | D:1      | Gained mutation: Your demonic aura sometimes causes spilled
                  | blood to erupt in flames. [demonic ancestry]
   101 | D:1      | Reached XP level 2. HP: 16/22 MP: 2/2
   442 | D:1      | Reached skill level 1 in Stealth
   668 | D:1      | Found a faded altar of an unknown god.
   805 | D:2      | Gained mutation: Your demonic aura often causes spilled
                  | blood to erupt in flames. [demonic ancestry]
   805 | D:2      | Reached XP level 3. HP: 27/28 MP: 3/3
  1871 | D:3      | Reached XP level 4. HP: 33/34 MP: 4/4
  1905 | D:3      | Reached skill level 1 in Evocations
  2173 | D:3      | Found a runed translucent gate.
  2173 | D:3      | Found a runed translucent gate.
  2173 | D:3      | Found a runed translucent gate.
  2173 | D:3      | Noticed MisterPants's ghost (weakling FeSu)
  2175 | D:3      | Found a basalt altar of Yredelemnul.
  2218 | D:3      | You fall into a shaft and drop 3 floors!
  2272 | D:6      | Reached skill level 4 in Polearms
  2370 | D:6      | Noticed a necrophage
  2378 | D:6      | Killed a necrophage
  2379 | D:6      | Reached skill level 1 in Spellcasting
  2379 | D:6      | Reached XP level 5. HP: 27/41 MP: 4/6
  2524 | D:6      | Found a staircase to the Ecumenical Temple.
  2532 | Temple   | Entered the Ecumenical Temple
  2574 | Temple   | Became a worshipper of Ashenzari the Shackled
  2718 | D:6      | Noticed Dowan
  2735 | D:6      | Killed Dowan
  2741 | D:6      | Noticed Duvessa
  2753 | D:6      | HP: 1/41 [Duvessa/+0 short sword (15)]
  2770 | D:6      | Slain by Duvessa

Illustrated notes

Levels and vault maps discovered:
D:1:      grunt_arrival_lava_bath, layout_basic,
          hellmonk_ecumenical_altar_inner_sanctum
D:2:      layout_loops_ring, basic_altar, st_stairs_1
D:3:      layout_basic, mainiacjoe_overflow_alcove_4,
          nicolae_yredelemnul_ghost_church
D:6:      layout_cave_pods, temple_fountains, uniq_duvessa
Temple:   jpeg_temple_clearing

Skill      XL: |  1  2  3  4 |
---------------+-------------+-----
Polearms       | 3 4 |  4.5
Stealth        | 1 |  1.0
Evocations     | 1 |  1.0
Fighting       | 3 |  3.4
Spellcasting   | 1 |  1.0
Throwing       | |  1.7
Armour         | |  0.5
Dodging        | |  2.6

Action                   |  1- 3 |  4- 6 || total
-------------------------+-------+-------++-------
Melee: Trident           |   116 |    72 ||   188
       Punch             |     2 |     1 ||     3
Throw: Throwing net      |       |     3 ||     3
       Javelin           |       |     1 ||     1
  Use: Potion            |       |     6 ||     6
Armor: Chain mail        |    72 |    30 ||   102
       Leather armour    |     1 |       ||     1
       Skin              |       |    14 ||    14
Dodge: Dodged            |    50 |    28 ||    78

Table legend: (Time is in decaauts)
 A = Elapsed time spent in this place.
 B = Non-inter-level travel time spent in this place.
 C = Inter-level travel time spent in this place.
 D = Time resting spent in this place.
 E = Time spent auto-exploring this place.
 F = Levels seen in this place.
 G = Mean time per level.
                   A        B        C        D        E       F      G
               +--------+--------+--------+--------+--------+-----+--------+
         Total |   2792 |   2537 |    255 |    371 |   1580 |   5 |  558.4 |
       Dungeon |   2675 |   2469 |    206 |    371 |   1532 |   4 |  668.8 |
        Temple |    116 |     67 |     49 |      0 |     48 |   1 |  116.0 |
               +--------+--------+--------+--------+--------+-----+--------+

Top non-repeatable levels by time:
     D:1: 891 daAuts
     D:2: 888 daAuts
     D:3: 457 daAuts
     D:6: 438 daAuts
  Temple: 116 daAuts
